General information
- name: BNet
- type: Ladder team game (AT/RT)
- host: Battle.net
- saver: WinBandit
map: DragonFalls
- players: 8
- length: 54:31
- speed: Fast
- version: 1.26 W3XP
- replay type: Public
» download(364 KB)
Players
team 1 (loser)
pulpy.cum (
teal | 92 APM | 4972 actions | 54:14)
5 Archmage
3 Summon Water Elemental
2 Brilliance Aura
5 Mountain King
3 Storm Bolt
2 Bash
4 Paladin
2 Holy Light
2 Devotion Aura
» actions
| Assign group hotkey | 69 | |
| Basic commands | 101 | |
| Build / train | 137 | |
| ESC pressed | 5 | |
| Enter build submenu | 47 | |
| Enter hero's abilities submenu | 16 | |
| Give item / drop item | 12 | |
| Right click | 2658 | |
| Select / deselect | 741 | |
| Select group hotkey | 875 | |
| Use ability | 311 | |
4972 total
» units
| Peasant | 28 | |
| Footman | 5 | |
| Gryphon Rider | 8 | |
| Spell Breaker | 6 | |
| Green Dragon Whelp | 1 | |
| Green Dragon | 4 | |
| Dragonhawk Rider | 3 | |
| Knight | 2 | |
57 total
» upgrades
| Masonry | 3 | |
| Defend | 1 | |
| Swords | 3 | |
| Lumber Harvesting | 2 | |
| Armor | 3 | |
| Storm Hammers | 1 | |
| Animal War Training | 1 | |
| Magic Sentry | 2 | |
| Cloud | 1 | |
| Control Magic | 1 | |
| Plating | 2 | |
| Priest Training | 1 | |
21 total
» buildings
| Altar of Kings | 1 | |
| Farm | 14 | |
| Barracks | 1 | |
| Scout Tower | 13 | |
| Arcane Vault | 2 | |
| Arcane Tower | 3 | |
| Lumber Mill | 1 | |
| Keep | 1 | |
| Town Hall | 1 | |
| Guard Tower | 13 | |
| Blacksmith | 2 | |
| Gryphon Aviary | 4 | |
| Castle | 2 | |
| Arcane Sanctum | 3 | |
61 total
» build order
00:17 Altar of Kings
00:20 Farm
00:37 Barracks
01:01 Farm
01:39 Farm
01:59 Scout Tower
02:12 Arcane Vault
02:35 Arcane Tower
02:43 Lumber Mill
03:08 Farm
03:50 Keep
04:16 Town Hall
04:34 Scout Tower
05:02 Scout Tower
05:05 Arcane Tower
05:54 Guard Tower
05:56 Scout Tower
06:25 Guard Tower
06:29 Scout Tower
06:38 Blacksmith
06:42 Blacksmith
07:00 Guard Tower
07:00 Guard Tower
07:00 Guard Tower
07:00 Guard Tower
08:03 Gryphon Aviary
08:04 Gryphon Aviary
08:10 Castle
08:11 Castle
08:39 Arcane Sanctum
08:39 Gryphon Aviary
08:46 Farm
08:47 Farm
08:49 Farm
09:11 Scout Tower
09:13 Scout Tower
09:15 Arcane Vault
09:25 Arcane Sanctum
09:40 Arcane Sanctum
09:56 Farm
10:01 Guard Tower
10:05 Guard Tower
10:05 Guard Tower
12:08 Farm
12:34 Farm
12:48 Scout Tower
12:51 Scout Tower
13:58 Guard Tower
14:50 Scout Tower
14:52 Scout Tower
15:29 Guard Tower
15:29 Scout Tower
15:31 Scout Tower
16:33 Farm
17:23 Farm
17:31 Guard Tower
17:31 Guard Tower
17:34 Farm
17:35 Farm
21:32 Gryphon Aviary
» items
| Scroll of Regeneration | 5 | |
| Scroll of Speed | 2 | |
| Scroll of Town Portal | 8 | |
| Orb of Fire | 1 | |
| Staff of Sanctuary | 1 | |
| Potion of Lesser Invulnerability | 1 | |
| Boots of Speed | 1 | |
| Lesser Clarity Potion | 1 | |
| Orb of Lightning | 1 | |
21 total
showtime (
orange | 59 APM | 2558 actions | 43:14)
4 Blademaster
2 Wind Walk
2 Critical Strike
2 Shadow Hunter
1 Healing Wave
1 Hex
2 Tauren Chieftain
1 Endurance Aura
1 Shockwave
» actions
| Assign group hotkey | 115 | |
| Basic commands | 86 | |
| Build / train | 72 | |
| ESC pressed | 3 | |
| Enter build submenu | 26 | |
| Enter hero's abilities submenu | 8 | |
| Give item / drop item | 5 | |
| Remove unit from queue | 3 | |
| Right click | 1233 | |
| Select / deselect | 387 | |
| Select group hotkey | 491 | |
| Use ability | 129 | |
2558 total
» units
| Peon | 8 | |
| Tauren | 9 | |
| Shaman | 5 | |
| Troll Witch Doctor | 4 | |
| Spirit Walker | 3 | |
29 total
» upgrades
| Armor | 2 | |
| Witch Doctor Training | 2 | |
| Shaman Training | 2 | |
| Spirit Walker Training | 1 | |
| Pulverize | 1 | |
8 total
» buildings
| Altar of Storms | 1 | |
| Orc Burrow | 8 | |
| Voodoo Lounge | 1 | |
| Stronghold | 1 | |
| War Mill | 1 | |
| Fortress | 1 | |
| Spirit Lodge | 1 | |
| Tauren Totem | 3 | |
17 total
» build order
00:08 Altar of Storms
00:26 Orc Burrow
00:43 Voodoo Lounge
02:10 Stronghold
02:46 Orc Burrow
03:15 War Mill
03:46 Orc Burrow
05:14 Fortress
05:17 Spirit Lodge
05:31 Orc Burrow
06:25 Orc Burrow
06:30 Orc Burrow
07:42 Tauren Totem
07:44 Tauren Totem
07:49 Tauren Totem
12:24 Orc Burrow
12:26 Orc Burrow
» items
| Healing Salve | 2 | |
| Lesser Clarity Potion | 3 | |
| Circlet of Nobility | 3 | |
| Boots of Speed | 3 | |
| Potion of Healing | 1 | |
| Potion of Lesser Invulnerability | 1 | |
| Staff of Teleportation | 1 | |
14 total
WinBandit (
green | 48 APM | 2641 actions | 54:31)
10 Blademaster
3 Wind Walk
3 Critical Strike
1 Bladestorm
3 Mirror Image
» actions
| Assign group hotkey | 44 | |
| Basic commands | 208 | |
| Build / train | 95 | |
| Enter build submenu | 64 | |
| Enter hero's abilities submenu | 11 | |
| Give item / drop item | 10 | |
| Right click | 1049 | |
| Select / deselect | 478 | |
| Select group hotkey | 435 | |
| Use ability | 245 | |
2641 total
» units
| Peon | 10 | |
| Grunt | 4 | |
| Goblin Shredder | 2 | |
| Goblin Zeppelin | 4 | |
| Troll Batrider | 4 | |
| Green Dragon | 7 | |
| Demolisher | 2 | |
| Goblin Sapper | 3 | |
36 total
» upgrades
| Reinforced Defenses | 1 | |
| Liquid Fire | 1 | |
| Ranged Weapons | 3 | |
| Armor | 3 | |
| Burning Oil | 1 | |
| Troll Regeneration | 1 | |
| Spiked Barricades | 1 | |
| Pillage | 1 | |
12 total
» buildings
| Orc Burrow | 6 | |
| Altar of Storms | 1 | |
| Barracks | 4 | |
| Voodoo Lounge | 4 | |
| War Mill | 1 | |
| Great Hall | 3 | |
| Watch Tower | 43 | |
| Stronghold | 1 | |
| Fortress | 1 | |
| Beastiary | 5 | |
69 total
» build order
00:10 Orc Burrow
00:16 Orc Burrow
00:51 Altar of Storms
01:00 Barracks
01:08 Orc Burrow
01:48 Voodoo Lounge
02:45 War Mill
03:34 Orc Burrow
04:55 Great Hall
05:05 Watch Tower
05:07 Watch Tower
05:12 Stronghold
07:08 Orc Burrow
07:18 Watch Tower
07:20 Watch Tower
07:21 Watch Tower
07:27 Watch Tower
09:26 Fortress
09:30 Watch Tower
09:31 Watch Tower
09:32 Watch Tower
09:33 Watch Tower
09:34 Watch Tower
09:36 Watch Tower
09:37 Watch Tower
09:41 Watch Tower
10:35 Beastiary
10:39 Beastiary
10:41 Beastiary
10:43 Beastiary
10:45 Beastiary
17:14 Great Hall
17:15 Watch Tower
17:16 Watch Tower
17:19 Watch Tower
17:19 Watch Tower
17:20 Watch Tower
17:20 Watch Tower
17:27 Watch Tower
17:27 Watch Tower
17:28 Watch Tower
18:21 Watch Tower
18:23 Watch Tower
18:27 Watch Tower
19:27 Watch Tower
19:29 Watch Tower
19:32 Watch Tower
19:36 Watch Tower
19:41 Voodoo Lounge
21:12 Barracks
21:15 Barracks
21:17 Barracks
26:02 Orc Burrow
34:11 Great Hall
34:25 Watch Tower
34:25 Watch Tower
34:25 Watch Tower
34:26 Watch Tower
34:52 Watch Tower
34:57 Watch Tower
34:59 Watch Tower
35:02 Watch Tower
37:06 Watch Tower
37:10 Watch Tower
37:14 Watch Tower
37:16 Watch Tower
37:20 Watch Tower
37:36 Voodoo Lounge
37:43 Voodoo Lounge
» items
| Healing Salve | 8 | |
| Lesser Clarity Potion | 6 | |
| Mechanical Critter | 4 | |
| Scroll of Town Portal | 5 | |
| Staff of Teleportation | 2 | |
| Orb of Lightning | 1 | |
| Potion of Healing | 4 | |
| Potion of Mana | 3 | |
33 total

»
PurpleMonstarz (
pink | 29 APM | 1514 actions | 52:53)
5 Mountain King
3 Storm Bolt
2 Bash
2 Paladin
1 Holy Light
1 Divine Shield
» actions
| Basic commands | 44 | |
| Build / train | 107 | |
| Enter build submenu | 46 | |
| Enter hero's abilities submenu | 7 | |
| Remove unit from queue | 4 | |
| Right click | 591 | |
| Select / deselect | 627 | |
| Use ability | 88 | |
1514 total
» units
| Peasant | 33 | |
| Footman | 6 | |
| Rifleman | 2 | |
| Siege Engine | 10 | |
| Gryphon Rider | 3 | |
| Dragonhawk Rider | 4 | |
| Flying Machine | 2 | |
60 total
» upgrades
| Masonry | 3 | |
| Lumber Harvesting | 1 | |
| Barrage | 1 | |
| Gunpowder | 1 | |
| Plating | 2 | |
| Storm Hammers | 1 | |
9 total
» buildings
| Farm | 12 | |
| Altar of Kings | 1 | |
| Lumber Mill | 1 | |
| Scout Tower | 9 | |
| Barracks | 1 | |
| Arcane Tower | 2 | |
| Guard Tower | 6 | |
| Keep | 2 | |
| Arcane Vault | 2 | |
| Town Hall | 3 | |
| Blacksmith | 1 | |
| Castle | 1 | |
| Workshop | 4 | |
| Gryphon Aviary | 4 | |
49 total
» build order
00:28 Farm
00:37 Altar of Kings
01:13 Farm
01:17 Farm
01:23 Lumber Mill
01:33 Scout Tower
02:22 Barracks
02:37 Arcane Tower
02:44 Farm
02:54 Scout Tower
03:26 Farm
03:28 Guard Tower
03:30 Scout Tower
03:58 Guard Tower
04:01 Scout Tower
04:05 Farm
04:46 Guard Tower
04:54 Keep
05:22 Arcane Vault
05:52 Town Hall
05:54 Scout Tower
06:01 Town Hall
07:43 Blacksmith
07:54 Arcane Tower
08:34 Castle
09:06 Workshop
10:01 Workshop
10:04 Workshop
10:07 Workshop
11:16 Farm
11:18 Farm
11:20 Farm
11:50 Farm
11:53 Farm
11:55 Farm
19:41 Gryphon Aviary
19:45 Gryphon Aviary
19:47 Gryphon Aviary
19:48 Gryphon Aviary
20:47 Town Hall
33:37 Arcane Vault
37:32 Keep
38:19 Scout Tower
38:22 Scout Tower
38:51 Guard Tower
38:54 Guard Tower
38:57 Scout Tower
39:02 Scout Tower
39:34 Guard Tower
» items
| Scroll of Regeneration | 2 | |
| Scroll of Town Portal | 8 | |
| Scroll of Speed | 2 | |
| Potion of Healing | 1 | |
| Staff of Teleportation | 1 | |
| Boots of Speed | 1 | |
15 total
team 2 (winner)

»
Silesw (
red | 60 APM | 1862 actions | 30:47)
7 Mountain King
3 Storm Bolt
3 Bash
1 Avatar
5 Paladin
2 Holy Light
3 Devotion Aura
3 Archmage
1 Blizzard
2 Brilliance Aura
» actions
| Basic commands | 4 | |
| Build / train | 102 | |
| Enter build submenu | 29 | |
| Enter hero's abilities submenu | 15 | |
| Remove unit from queue | 2 | |
| Right click | 1012 | |
| Select / deselect | 594 | |
| Use ability | 104 | |
1862 total
» units
| Peasant | 15 | |
| Rifleman | 10 | |
| Goblin Shredder | 2 | |
| Sorceress | 12 | |
| Mortar Team | 7 | |
| Flying Machine | 4 | |
50 total
» upgrades
| Gunpowder | 3 | |
| Armor | 3 | |
| Long Rifles | 1 | |
| Lumber Harvesting | 1 | |
| Sorceress Training | 2 | |
| Fragmentation Shards | 1 | |
| Flare | 1 | |
| Flak Cannons | 1 | |
| Plating | 1 | |
14 total
» buildings
| Farm | 13 | |
| Barracks | 2 | |
| Altar of Kings | 1 | |
| Blacksmith | 1 | |
| Lumber Mill | 1 | |
| Keep | 1 | |
| Scout Tower | 1 | |
| Guard Tower | 1 | |
| Arcane Vault | 1 | |
| Arcane Sanctum | 1 | |
| Town Hall | 1 | |
| Castle | 1 | |
| Workshop | 4 | |
29 total
» build order
01:09 Farm
01:22 Barracks
01:25 Altar of Kings
01:33 Blacksmith
01:55 Farm
02:22 Farm
02:50 Barracks
03:42 Farm
04:01 Farm
04:07 Lumber Mill
05:18 Keep
05:41 Scout Tower
06:13 Guard Tower
06:40 Arcane Vault
07:47 Arcane Sanctum
07:52 Farm
08:55 Town Hall
09:37 Farm
11:42 Farm
12:02 Castle
12:24 Workshop
12:27 Workshop
12:32 Farm
13:52 Farm
13:54 Farm
14:18 Farm
14:59 Farm
23:45 Workshop
23:47 Workshop
» items
| Orb of Lightning | 1 | |
| Potion of Mana | 1 | |
| Scroll of Town Portal | 2 | |
4 total
xinxi.ca (
purple | 87 APM | 4059 actions | 46:34)
8 Demon Hunter
2 Immolation
3 Mana Burn
1 Metamorphosis
2 Evasion
» actions
| Assign group hotkey | 54 | |
| Basic commands | 189 | |
| Build / train | 123 | |
| Enter build submenu | 37 | |
| Enter hero's abilities submenu | 8 | |
| Give item / drop item | 4 | |
| Remove unit from queue | 5 | |
| Right click | 1279 | |
| Select / deselect | 645 | |
| Select group hotkey | 1508 | |
| Use ability | 203 | |
4059 total
» units
| Wisp | 39 | |
| Archer | 1 | |
| Dryad | 1 | |
| Hippogryph | 10 | |
| Green Drake | 2 | |
| Druid of the Claw | 14 | |
67 total
» upgrades
| Strength of the Wild | 3 | |
| Reinforced Hides | 3 | |
| Druid of the Claw Training | 2 | |
| Mark of the Claw | 1 | |
| Nature's Blessing | 0 | |
9 total
» buildings
| Altar of Elders | 2 | |
| Moon Well | 15 | |
| Ancient of War | 1 | |
| Hunter's Hall | 1 | |
| Ancient of Wonders | 3 | |
| Tree of Life | 1 | |
| Ancient Protector | 5 | |
| Tree of Ages | 3 | |
| Ancient of Lore | 2 | |
| Ancient of Wind | 3 | |
| Tree of Eternity | 1 | |
37 total
» build order
00:10 Altar of Elders
00:20 Moon Well
00:37 Ancient of War
01:33 Moon Well
02:15 Moon Well
02:46 Hunter's Hall
02:55 Ancient of Wonders
03:25 Moon Well
04:01 Tree of Life
04:16 Ancient Protector
04:29 Ancient Protector
04:45 Ancient of Wonders
05:27 Moon Well
05:49 Tree of Ages
05:49 Tree of Ages
05:49 Tree of Ages
05:53 Ancient Protector
06:27 Ancient Protector
07:14 Moon Well
07:53 Ancient Protector
08:14 Ancient of Lore
08:17 Ancient of Lore
08:23 Ancient of Wind
08:31 Ancient of Wind
08:52 Tree of Eternity
09:22 Ancient of Wind
16:27 Moon Well
16:28 Moon Well
18:03 Moon Well
18:35 Moon Well
18:37 Moon Well
30:29 Ancient of Wonders
42:33 Moon Well
42:35 Moon Well
42:37 Moon Well
42:40 Moon Well
44:47 Altar of Elders
» items
| Boots of Speed | 1 | |
| Potion of Lesser Invulnerability | 1 | |
| Staff of Teleportation | 1 | |
| Potion of Healing | 3 | |
| Orb of Venom | 2 | |
| Anti-magic Potion | 1 | |
| Scroll of Town Portal | 2 | |
11 total
THETERRIBLETWO (
blue | 92 APM | 5043 actions | 54:31)
11 Blademaster
3 Wind Walk
3 Critical Strike
2 Bladestorm
3 Mirror Image
1 Paladin
1 Resurrection
» actions
| Assign group hotkey | 146 | |
| Basic commands | 49 | |
| Build / train | 166 | |
| ESC pressed | 11 | |
| Enter build submenu | 48 | |
| Enter hero's abilities submenu | 12 | |
| Give item / drop item | 9 | |
| Remove unit from queue | 2 | |
| Right click | 2377 | |
| Select / deselect | 529 | |
| Select group hotkey | 1366 | |
| Use ability | 328 | |
5043 total
» units
| Peon | 8 | |
| Grunt | 8 | |
| Raider | 11 | |
| Goblin Shredder | 2 | |
| Troll Batrider | 13 | |
| Troll Headhunter/Berserker | 9 | |
| Wind Rider | 5 | |
| Kodo Beast | 1 | |
57 total
» upgrades
| Berserker Strength | 1 | |
| Pillage | 1 | |
| Armor | 3 | |
| Reinforced Defenses | 2 | |
| Melee Weapons | 3 | |
| Ensnare | 1 | |
| Berserker Upgrade | 1 | |
| Ranged Weapons | 3 | |
| Liquid Fire | 1 | |
| Troll Regeneration | 1 | |
| Masonry | 2 | |
| Envenomed Spears | 1 | |
| Spiked Barricades | 3 | |
| War Drums Damage Increase | 1 | |
24 total
» buildings
| Orc Burrow | 11 | |
| Altar of Storms | 1 | |
| Barracks | 2 | |
| Voodoo Lounge | 2 | |
| Stronghold | 4 | |
| Great Hall | 2 | |
| War Mill | 1 | |
| Watch Tower | 23 | |
| Beastiary | 3 | |
| Fortress | 3 | |
52 total
» build order
00:13 Orc Burrow
00:51 Altar of Storms
00:52 Barracks
01:27 Orc Burrow
01:54 Orc Burrow
02:18 Voodoo Lounge
05:12 Stronghold
05:13 Stronghold
05:16 Great Hall
05:39 War Mill
05:47 Orc Burrow
06:02 Orc Burrow
07:03 Watch Tower
07:06 Watch Tower
07:08 Watch Tower
07:12 Watch Tower
07:51 Beastiary
08:56 Fortress
08:56 Fortress
09:00 Watch Tower
09:19 Watch Tower
11:08 Orc Burrow
11:20 Orc Burrow
11:23 Orc Burrow
11:28 Orc Burrow
11:31 Orc Burrow
12:14 Watch Tower
12:18 Watch Tower
12:21 Watch Tower
15:02 Beastiary
15:05 Beastiary
15:14 Watch Tower
18:57 Orc Burrow
22:05 Barracks
23:36 Great Hall
23:38 Watch Tower
23:41 Watch Tower
23:45 Watch Tower
24:06 Watch Tower
25:58 Watch Tower
26:00 Watch Tower
26:01 Watch Tower
26:05 Watch Tower
26:07 Watch Tower
29:07 Watch Tower
29:08 Watch Tower
29:09 Watch Tower
29:10 Watch Tower
29:52 Voodoo Lounge
» items
| Healing Salve | 10 | |
| Lesser Clarity Potion | 7 | |
| Boots of Speed | 2 | |
| Orb of Lightning | 1 | |
| Potion of Healing | 2 | |
| Scroll of Town Portal | 6 | |
| Orb of Venom | 1 | |
| Scroll of Regeneration | 1 | |
| Potion of Mana | 1 | |
31 total
Chat log
(00:43 / Allies) PurpleMonstarz: plan?
(00:52 / Allies) showtime: win
(00:53 / Allies) pulpy.cum: griffs
(00:55 / Allies) showtime: yellows gonna tk
(00:55 / Allies) pulpy.cum: maybe casters
(00:56 / Allies) showtime: i think
(01:09 / Allies) showtime: melee
(01:09 / Allies) showtime: here
(04:09 / All) showtime: nice mh
(04:14 / All) THETERRIBLETWO: ?
(04:20 / All) THETERRIBLETWO: need to heal my grunts
(04:20 / All) showtime: you know what im talking about
(04:27 / All) showtime: just saw my windwalked bm?
(04:33 / All) showtime: in the middle of a creep camp?
(04:34 / All) showtime: ok
(04:43 / All) THETERRIBLETWO: I'm just creeping dude
(04:46 / All) showtime: sure
(04:49 / All) THETERRIBLETWO: I heal my grunts when they get low HP man
(04:53 / All) showtime: mk
(06:18 / Allies) showtime: hahahah
(06:59 / Allies) PurpleMonstarz: what should i go
(08:31 / Allies) PurpleMonstarz: hero coming
(09:07 / All) WinBandit: anyon else getting lag spikes?
(09:07 / Allies) pulpy.cum: what a noob
(09:16 / All) Silesw: prob from yelow
(10:01 / Allies) showtime: pink u going range?
(10:09 / Allies) PurpleMonstarz: aa
(10:11 / Allies) showtime: shit
(10:18 / Allies) showtime: take flute if its ranged
(10:21 / Allies) showtime: here
(10:30 / Allies) PurpleMonstarz: tanks cant use i think lol
(10:34 / Allies) showtime: i have no use
(10:43 / Allies) PurpleMonstarz: ty
(10:44 / Allies) showtime: other than to look cool
(10:46 / Allies) showtime: lol
(11:33 / Allies) pulpy.cum: wood?
(12:12 / Allies) PurpleMonstarz: keep pressure on
(13:38 / Allies) showtime: b
(13:42 / All) PurpleMonstarz: hoe ass
(13:47 / All) PurpleMonstarz: who waste hero on peons
(13:59 / All) THETERRIBLETWO: lol
(14:03 / All) PurpleMonstarz: and die lmao
(14:04 / All) THETERRIBLETWO: not a waste if you are bitching
(15:29 / All) WinBandit: teal has latency hack
(15:40 / Allies) pulpy.cum: haha
(15:45 / Allies) pulpy.cum: i just click that mofo
(15:46 / Allies) pulpy.cum: a lot
(15:55 / Allies) WinBandit: queer
(16:14 / All) Silesw: lmfao pink
(16:16 / All) Silesw: u stupid af
(16:17 / All) THETERRIBLETWO: why'd you tp lol
(16:18 / Allies) WinBandit: I'm not getting units
(16:22 / All) THETERRIBLETWO: should've demolished his base
(16:31 / All) Silesw: lmfao blue
(16:33 / All) Silesw: r u retarded
(16:35 / Allies) PurpleMonstarz: no
(16:37 / All) Silesw: i wouldve rektd him
(16:39 / All) Silesw: iddiot
(17:32 / Allies) showtime: green
(17:36 / Allies) showtime: wtf u need two expos for
(17:44 / Allies) WinBandit: That's contested ground
(17:54 / Allies) pulpy.cum: map control bro
(18:10 / Allies) showtime: tanks are super strong
(18:13 / Allies) showtime: send them in and blow shit up
(18:27 / Allies) PurpleMonstarz: let me lead
(18:30 / Allies) PurpleMonstarz: and go
(18:47 / Allies) PurpleMonstarz: need u to kill units
(19:15 / Allies) PurpleMonstarz: gogoogogog
(20:30 / Allies) PurpleMonstarz: we need air
(20:32 / Allies) PurpleMonstarz: to kill red
(20:36 / Allies) PurpleMonstarz: he raping us
(20:48 / All) THETERRIBLETWO: fucking ward
(21:07 / Allies) showtime: gryphs
(21:09 / Allies) showtime: asap
(21:11 / Allies) PurpleMonstarz: coming
(21:12 / Allies) showtime: focus morts
(21:18 / Allies) PurpleMonstarz: i got 4 pumping
(21:20 / Allies) pulpy.cum: we got funneled in
(21:23 / Allies) showtime: yea
(21:23 / Allies) pulpy.cum: bad positioing
(21:33 / Allies) showtime: wasnt bad when tauren were tanking
(21:36 / Allies) showtime: once they went down
(21:37 / Allies) showtime: all bad
(21:46 / Allies) showtime: we shouldnt hit that side tho
(21:48 / Allies) showtime: too much
(21:54 / Allies) showtime: especially with morts
(21:58 / Allies) PurpleMonstarz: they not moving
(22:07 / Allies) showtime: fuck
(22:08 / Allies) showtime: gold me
(23:54 / Allies) PurpleMonstarz: lets go
(23:55 / Allies) pulpy.cum: cant let them take that
(24:10 / Allies) PurpleMonstarz: tanks kill hipps
(24:23 / Allies) PurpleMonstarz: wait for oj
(25:00 / Allies) showtime: MORTS
(25:01 / Allies) showtime: ASAP
(25:13 / Allies) PurpleMonstarz: b
(25:15 / Allies) PurpleMonstarz: b
(25:17 / Allies) PurpleMonstarz: b
(25:19 / Allies) showtime: gg
(25:32 / Allies) pulpy.cum: def!
(25:39 / Allies) pulpy.cum: send everything there
(25:44 / All) WinBandit: sheiiiet
(25:46 / All) WinBandit: I kill yoiu now red
(26:07 / Allies) WinBandit: lumbers
(26:26 / Allies) pulpy.cum: b
(26:26 / Allies) PurpleMonstarz: green give fucking gold
(26:30 / Allies) PurpleMonstarz: wtf
(26:32 / Allies) WinBandit: give wood
(26:33 / Allies) showtime: no shit
(26:38 / Allies) showtime: fucking scrub
(26:39 / Allies) showtime: straight up
(26:43 / Allies) showtime: 8.7 fucking k
(26:46 / Allies) PurpleMonstarz: no wonder its close
(26:47 / Allies) showtime: sitting here without a fucking mine
(26:51 / Allies) showtime: fucking idiot
(26:58 / Allies) showtime: how the fuck do you get that much gold
(26:58 / All) Silesw: gg
(27:00 / Allies) showtime: this isnt ffa
(27:01 / All) showtime: yea gg
(27:02 / All) THETERRIBLETWO: My allies suck
(27:05 / All) Silesw: this is one retarded ass fucking game
(27:08 / All) Silesw: blue is fucking stupid
(27:12 / Allies) WinBandit: whiny bitch lawl
(27:13 / All) showtime: well
(27:15 / All) THETERRIBLETWO: he took my shredder earlier
(27:16 / All) showtime: green has 8.7k
(27:16 / All) Silesw: im the noob
(27:17 / All) showtime: beat that
(27:21 / All) Silesw: sucka dcik blue
(27:22 / All) THETERRIBLETWO: yeah
(27:26 / All) Silesw: everyone agree that blue is noob?
(27:29 / All) THETERRIBLETWO: 172-168 scrub
(27:31 / All) THETERRIBLETWO: 1v1 red?
(27:42 / All) showtime: lol
(27:44 / All) Silesw: kid ur literally shit blue
(27:45 / All) showtime: 0% s
(27:46 / Allies) showtime: noob
(27:48 / All) showtime: noob
(27:50 / All) THETERRIBLETWO: 1v1?
(27:52 / All) showtime: lol
(27:55 / All) Silesw: crying voer wood the whle time
(27:55 / All) showtime: talk shit
(27:59 / All) showtime: about a record
(28:02 / All) showtime: when ur 0-1
(28:07 / All) Silesw: i ahve to paly with noobs like urself blue
(28:10 / All) Silesw: thats why i lose game
(28:24 / All) THETERRIBLETWO: 1v1?
(28:31 / All) THETERRIBLETWO: I beat you anytime anywhere any map any day
(28:32 / All) Silesw: im not wasting my time
(28:33 / All) Silesw: noob
(28:36 / All) showtime: ive never seen someone with so much gold in a game that wasnt FFA
(28:37 / All) Silesw: kid ur garbage
(28:38 / All) THETERRIBLETWO: you're dodging
(28:38 / Allies) PurpleMonstarz: where go
(28:39 / Allies) showtime: give me like 2k
(28:40 / Allies) showtime: fucker
(28:40 / All) THETERRIBLETWO: because you're a scrub
(28:43 / Allies) showtime: for tauren
(28:44 / All) Silesw: ur fuckig stupid
(28:47 / All) Silesw: i saved ur ass
(28:51 / All) THETERRIBLETWO: I average 130 APM regularly
(28:55 / All) Silesw: or else oj wouldve raped u in the beginning noob
(29:00 / All) THETERRIBLETWO: and have been playing much longer than you and know what I'm doing
(29:05 / All) THETERRIBLETWO: lawl yeah sure he would
(29:06 / All) showtime: red carried you guys
(29:09 / All) showtime: so stfu blue
(29:16 / All) showtime: his morts are the only thing that kept you in the game
(29:23 / All) THETERRIBLETWO: LOL
(29:27 / Allies) PurpleMonstarz: let it go
(29:34 / All) Silesw: the kid blue
(29:38 / All) Silesw: is next level retard
(30:03 / All) THETERRIBLETWO: I can play better than players like red with one hand lawl
(30:17 / All) showtime: meanwhile you do nothing
(30:20 / All) showtime: with your 140 apm
(30:27 / All) THETERRIBLETWO: done more than you all game
(30:28 / All) showtime: setting a rally point 140 times a minute doesnt mean your good
(30:33 / All) THETERRIBLETWO: I don'
(30:34 / All) THETERRIBLETWO: t spam
(30:40 / All) Silesw: gg
(30:45 / All) Silesw: blue u fucking pathetic retard
(30:54 / All) THETERRIBLETWO: lol
(31:00 / Allies) showtime: green
(31:04 / Allies) showtime: fork over some fucking gold
(31:06 / All) WinBandit: red soooooooo goood
(31:17 / All) THETERRIBLETWO: Red blew
(31:17 / All) PurpleMonstarz: Green has 11k gold LOL
(31:20 / All) showtime: GREEN
(31:22 / All) showtime: 11K
(31:23 / Allies) showtime: DONT TALK
(31:25 / All) showtime: GIVE GOLD
(31:32 / All) showtime: faggot
(31:35 / All) WinBandit: You're a whiny bitch
(31:38 / All) WinBandit: and insulting me
(31:40 / All) showtime: cause i have no mine and you arent doing a fucking thing
(31:51 / All) WinBandit: MAYBE YOU SHOULD HAVE GOT ONE HUH PUSSY?
(31:59 / All) showtime: YOU TOOK THEM ALL FUCK TARD
(32:02 / All) THETERRIBLETWO: lol
(32:05 / All) WinBandit: LOL
(32:06 / All) THETERRIBLETWO: something wrong orange?
(32:16 / All) WinBandit: that's yoru side retard
(32:22 / Allies) WinBandit: How did I take them all?
(32:25 / Allies) showtime: -.-
(32:26 / Allies) showtime: stfu
(32:28 / Allies) WinBandit: that's your side retard
(32:40 / Allies) PurpleMonstarz: shut up
(32:42 / Allies) PurpleMonstarz: lets hit
(33:33 / All) showtime: LOL
(33:36 / All) showtime: HAHA
(33:37 / All) THETERRIBLETWO: I cleared some food for bats lawl
(33:39 / All) THETERRIBLETWO: and traded units
(33:43 / All) THETERRIBLETWO: is that funny to you?
(33:46 / All) showtime: no
(33:48 / All) THETERRIBLETWO: How much gold do you have to rebuild your shit?
(33:49 / All) showtime: purp tping in
(33:49 / All) THETERRIBLETWO: I have 6k
(33:56 / All) showtime: and you leaving him out to dry
(33:59 / All) showtime: is what i was laughing at
(34:02 / All) showtime: 6k isnt a good thing
(34:04 / All) showtime: dumb fuck
(34:06 / All) THETERRIBLETWO: I don't give a fuck about him or red lol
(34:08 / All) THETERRIBLETWO: don't need them
(34:09 / All) THETERRIBLETWO: yeah it is
(34:17 / All) showtime: use some of that 140 apm on actually producing shit
(35:01 / All) PurpleMonstarz: green is playing minecraft lmao
(35:18 / Allies) showtime: hes playing ffa.. badly
(35:41 / All) WinBandit: Orange is an expert Warcraft 3 player, he has managed to attain a 46% win rate
(35:42 / All) PurpleMonstarz: i mean were gonna win still
(35:43 / Allies) showtime: lemme put up another expo instead of cutting wood so i can actually spend some of this gold
(35:43 / Allies) showtime: no
(35:44 / Allies) showtime: duh
(35:46 / All) THETERRIBLETWO: lol
(35:48 / All) THETERRIBLETWO: Keep dreaming
(35:52 / All) PurpleMonstarz: just could have happened 20 minutes ago lmao
(36:02 / All) WinBandit: lol nice micro orange
(36:14 / All) showtime: lol?
(36:17 / All) showtime: lvl 8 bm vs lvl 2 tc
(36:23 / All) WinBandit: LOL
(36:25 / All) WinBandit: You got raped
(36:28 / All) showtime: the fuck u expect
(36:29 / All) THETERRIBLETWO: RAPE
(36:30 / All) THETERRIBLETWO: LOL
(36:36 / All) THETERRIBLETWO: WHAT
(36:37 / All) THETERRIBLETWO: THE FUCK
(36:39 / All) THETERRIBLETWO: ARE THOSE PEASANTS
(37:21 / Allies) PurpleMonstarz: green lets win already :(
(37:47 / All) THETERRIBLETWO: how much gold do you have pink?
(37:49 / All) THETERRIBLETWO: I have 10k
(37:56 / All) PurpleMonstarz: true lmao
(37:58 / All) PurpleMonstarz: 1k
(38:34 / All) PurpleMonstarz: im not here to act like hardass over 12 year old game3
(38:36 / All) WinBandit: lol
(38:41 / All) PurpleMonstarz: :D
(38:46 / All) WinBandit: LOL
(38:48 / Allies) showtime: good
(38:51 / All) WinBandit: LOL
(38:51 / Allies) showtime: now i can afk
(38:53 / Allies) showtime: gl fags
(38:54 / All) WinBandit: you got one peon!
(39:01 / Allies) showtime: suicide
(39:02 / Allies) showtime: duh
(39:03 / All) WinBandit: I went looking for your hero cuz I knew you'd be up to no good
(39:04 / Allies) showtime: afk
(39:05 / Allies) showtime: gl noob
(39:06 / All) WinBandit: you whiny faggot LOL
(39:10 / All) WinBandit: yeah you tried to run
(39:14 / All) WinBandit: nice suicide
(39:19 / All) WinBandit: invul pot and tried to run lol!
(39:23 / Allies) PurpleMonstarz: mine empty blue
(39:23 / All) WinBandit: Trash newbie
(40:57 / Allies) PurpleMonstarz: come teal
(41:07 / Allies) PurpleMonstarz: at least start killing mains
(41:13 / Allies) PurpleMonstarz: while green afk lol
(41:20 / Allies) showtime: no sit there with your finger up your ass and do nothing
(41:30 / Allies) WinBandit: listen to orange he knows
(41:37 / Allies) WinBandit: that's what he's doing right now
(41:39 / Allies) showtime: and people talk shit about RTers being under 50%
(41:39 / Allies) pulpy.cum: let me get some of that gold green
(41:40 / Allies) showtime: hmm
(41:51 / Allies) showtime: maybe because 30% of the time you have afkers and leavers
(41:59 / Allies) showtime: and the other 70% of the time you have two retarded teammates
(42:01 / Allies) showtime: lol
(42:04 / Allies) showtime: talk about %
(42:05 / Allies) showtime: in 4v4
(42:07 / Allies) showtime: fucking noobs
(42:12 / Allies) WinBandit: yeah blame it on yoru team LOL
(42:15 / Allies) showtime: if i cared about my % id play europe 2v2
(42:18 / Allies) WinBandit: you tried to scapegoat me earlier cuz you thought we lost
(42:22 / Allies) showtime: or wcarena
(42:46 / All) PurpleMonstarz: can we arrange real life battle between red and blue
(42:50 / All) PurpleMonstarz: and green vs oj
(42:55 / All) PurpleMonstarz: four nerds
(42:57 / Allies) showtime: could win the fucking game with the 3 green dragons hes farming
(42:59 / All) PurpleMonstarz: 0 lifes
(43:04 / All) PurpleMonstarz: who will win
(43:13 / Allies) showtime: not even worth it
(43:15 / All) THETERRIBLETWO: 15 wins, 15 losses, pink
(43:30 / All) PurpleMonstarz: 12 year old game i play to fuck around on lmao
(43:44 / All) THETERRIBLETWO: is "fucking around" your excuse for being complete trash
(43:51 / All) PurpleMonstarz: sure
(44:09 / All) PurpleMonstarz: i dont claim to be good
(44:19 / All) PurpleMonstarz: nor do i desire lol
(45:35 / All) PurpleMonstarz: anyone else mad about the winey baby new sith lord they choose lol
(45:43 / All) THETERRIBLETWO: He sucks
(45:43 / All) PurpleMonstarz: that shit pissed me off
(45:45 / All) THETERRIBLETWO: but so did the whole movie
(45:58 / All) PurpleMonstarz: straight out of jonas brothers concert
(46:24 / All) WinBandit: star wars is for kids
(46:34 / All) PurpleMonstarz: lol
(46:41 / All) THETERRIBLETWO: Worth it to deny your am level 6
(46:50 / All) pulpy.cum: like i have anywhere to mass tp to anyways
(46:58 / All) THETERRIBLETWO: it's a bitch to deal with
(47:00 / All) pulpy.cum: Lvl 3 bolt is more useful
(47:18 / All) THETERRIBLETWO: if you're too retarded to use mechanical critters maybe
(47:25 / All) pulpy.cum: to tp where
(47:28 / All) pulpy.cum: your towered expo?>
(48:15 / All) pulpy.cum: oh now he bs me
(48:32 / All) pulpy.cum: afk
(48:41 / All) THETERRIBLETWO: lol
(48:46 / All) pulpy.cum: blue take every expo and mass gold
(48:48 / All) PurpleMonstarz: green on tk list lol
(48:49 / All) pulpy.cum: now he kill my heroes
(48:57 / All) WinBandit: lol
(49:02 / All) pulpy.cum: i mean green lol
(49:04 / All) WinBandit: plz no
(49:05 / All) PurpleMonstarz: at least blue hoards gold AND gets units lol
(49:14 / All) THETERRIBLETWO: I have 15k
(49:17 / All) THETERRIBLETWO: and 80 food
(49:21 / All) THETERRIBLETWO: lol
(49:32 / All) THETERRIBLETWO: The retards here are all of you morons too daft to figure out what's going on
(49:35 / Allies) PurpleMonstarz: hahahah
(50:10 / All) PurpleMonstarz: awh
(50:19 / All) THETERRIBLETWO: that level 5 bolt working out for you?
(50:28 / All) pulpy.cum: it was great until my ally killed my mk
(50:32 / All) PurpleMonstarz: that was teal lol
(50:47 / Allies) WinBandit: jerk
(50:50 / All) PurpleMonstarz: trying to understand greens motive
(50:58 / All) PurpleMonstarz: take all gold
(51:03 / All) PurpleMonstarz: kill all teamates
(51:12 / Allies) pulpy.cum: im not leaving
(51:17 / Allies) pulpy.cum: so i still get win if he wins
(51:22 / All) pulpy.cum: This isnt sc
(51:28 / Allies) PurpleMonstarz: if u leave
(51:30 / Allies) PurpleMonstarz: and team
(51:31 / All) WinBandit: You won't win because blue's team left
(51:32 / Allies) PurpleMonstarz: wins
(51:36 / Allies) PurpleMonstarz: then you still win
(51:40 / Allies) pulpy.cum: no
(51:41 / All) THETERRIBLETWO: I wish this was like SC1 and had unally feature
(51:43 / All) WinBandit: yellow doesn't count
(51:43 / Allies) pulpy.cum: you get nothing
(51:46 / All) THETERRIBLETWO: and me and green could make our own team every game
(52:10 / Allies) pulpy.cum: i need losses anyways
(52:12 / All) PurpleMonstarz: two badass nerds team up
(52:16 / Allies) pulpy.cum: been winning too much today
(52:20 / All) PurpleMonstarz: for GOAT wc3 team of all time
(52:27 / All) THETERRIBLETWO: lol
(52:42 / All) PurpleMonstarz: or at lease most resources hahaha
(54:11 / All) pulpy.cum: virgins ruin another game lol
(54:12 / All) pulpy.cum: gg
(54:17 / All) THETERRIBLETWO: lol
(54:20 / All) WinBandit: me team lose
(54:22 / All) THETERRIBLETWO: Only yellow left
(54:26 / All) WinBandit: yellow doesn'ty count
(54:27 / All) THETERRIBLETWO: but he's an afker retard
(54:29 / All) THETERRIBLETWO: yeah